 Dungeon Crawl Stone Soup version 0.18.1-50-g88ac8fd (webtiles) character file.

649 magog001 the Shield-Bearer (level 7, 0/99 HPs)
             Began as a Hill Orc Fighter on Apr 7, 2017.
             Was an Initiate of Nemelex Xobeh.
             Succumbed to a water moccasin's poison
             ... on level 5 of the Dungeon on Apr 9, 2017.
             The game lasted 00:34:12 (5553 turns).

magog001 the Shield-Bearer (Hill Orc Fighter)       Turns: 5553, Time: 00:34:13

Health: 0/99       AC: 10    Str: 23 (26) XL:     7   Next: 53%
Magic:  7/7        EV:  8    Int: 12 (13) God:    Nemelex Xobeh [......]
Gold:   110        SH:  9    Dex:  5 (7)  Spells: 0 memorised, 6 levels left

rFire  . . .     SeeInvis .     C - +0 hunting sling (curse)
rCold  . . .     Gourm    .     b - +0 scale mail
rNeg   . . .     Faith    .     c - +0 shield
rPois  .         Spirit   .     (no helmet)
rElec  .         Dismiss  .     w - +0 cloak {MR+}
rCorr  .         Reflect  .     (no gloves)
SustAt .         Harm     .     u - +1 pair of boots
MR     +....                    (no amulet)
Stlth  ..........               v - +5 ring of slaying
                                m - -3 ring of dexterity (curse)

@: brilliant, berserking, lethally poisoned (0 -> -15), very slightly
contaminated, hasted, invisible, very quick, somewhat resistant to hostile
enchantments, extremely unstealthy
A: robust 1
a: Renounce Religion


You were on level 5 of the Dungeon.
You worshipped Nemelex Xobeh.
Nemelex Xobeh was noncommittal.
You were not hungry.

You visited 1 branch of the dungeon, and saw 5 of its levels.

You collected 212 gold pieces.
You spent 72 gold pieces at shops.

Inventory:

Hand Weapons
 a - a +0 war axe
 o - a cursed -3 short sword
 t - a cursed -3 mace
 C - a cursed +0 hunting sling (weapon)
 E - a +0 hunting sling
 F - a +2 mace of protection
Missiles
 j - 7 tomahawks
 k - 67 stones
 x - 16 sling bullets (quivered)
Armour
 b - a +0 scale mail (worn)
 c - a +0 shield (worn)
 u - a +1 pair of boots (worn)
 w - a +0 cloak of magic resistance (worn)
 A - a +0 shield
Jewellery
 g - an uncursed ring of positive energy
 h - an uncursed ring of protection from cold
 m - a cursed -3 ring of dexterity (left hand)
 v - a +5 ring of slaying (right hand)
 y - a cursed ring of loudness {unknown}
 B - a +4 ring of intelligence
 D - a cursed ring of teleportation {unknown}
Wands
 I - a wand of iceblast (7/15)
Scrolls
 e - 3 scrolls of identify
 f - a scroll of teleportation
Potions
 d - a potion of might
 n - 2 potions of resistance
 p - 2 potions of cure mutation
 r - a potion of degeneration
Miscellaneous
 J - a plain deck of defence {drawn: 3}
 K - a plain deck of escape
Comestibles
 i - 3 chunks of flesh
 z - a meat ration
 G - 2 beef jerkies
 H - 2 slices of pizza
 L - a bread ration


   Skills:
 + Level 4.7 Fighting
 + Level 4.5 Axes
 * Level 3.4 Slings
 + Level 0.1(2.1) Throwing
 + Level 4.7 Armour
 + Level 2.4 Dodging
 + Level 0.3 Stealth
 + Level 4.8 Shields


You had 6 spell levels left.
You didn't know any spells.

Dungeon Overview and Level Annotations

Branches:
Dungeon (5/15)
 Temple: D:4-7

Altars:
Ashenzari
Gozag
Makhleb
Nemelex Xobeh
Pakellas
Zin

Shops:
D:5 *%


Innate Abilities, Weirdness & Mutations

You are robust (+10% HP).


Message History

It was a potion of invisibility.
You fade into invisibility!
* * * LOW HITPOINT WARNING * * *
You feel sick.
Drink which item? (? for menu, Esc to quit)
It was a potion of brilliance.
You feel clever all of a sudden.
* * * LOW HITPOINT WARNING * * *
You feel sick.
Evoke which item? (* to show all) (? for menu, Esc to quit)
You draw a card...
It is the Potion.
A red film seems to cover your vision as you go berserk!
You feel yourself moving faster!
You feel mighty!
* * * LOW HITPOINT WARNING * * *
You feel sick.
You are too berserk!
There is a lethal amount of poison in your body!
You feel a strong urge to attack something.
You die...
Your body disappears without a glow.

#......## ##.....# #.......##
##.#.##### ##.......# ###.##..# #
#.......## #..#.... ## #........#
##.#..... .# ##......####
#........ .###......<...######
#........
...................######........
......#####.....@.........(......
....## #####..................
...# #####.............. ...#
####........... ...# ###.........
..## ###........# .##
#.........## ## #....#..#####
#....###..##


There were no monsters in sight!

Vanquished Creatures
  A phantom (D:4)
  An ogre (D:4)
  A scorpion (D:4)
  A crimson imp (D:5)
  A jelly (D:5)
  4 hounds
  Crazy Yiuf (D:4)
  An iguana (D:4)
  3 gnolls (D:2)
  9 adders
  An ooze (D:1)
  3 worms
  A dart slug (D:3)
  A giant gecko (D:2)
  5 orcs (D:4)
  3 ball pythons
  12 bats
  7 giant cockroaches
  4 goblins
  6 hobgoblins
  4 jackals (D:1)
  A quokka (D:4)
  7 giant newts
  4 kobolds
  5 rats
87 creatures vanquished.

Notes
Turn   | Place    | Note
--------------------------------------------------------------
     0 | D:1      | magog001 the Hill Orc Fighter began the quest for the Orb.
     0 | D:1      | Reached XP level 1. HP: 19/19 MP: 1/1
   120 | D:1      | Reached XP level 2. HP: 21/27 MP: 2/2
   544 | D:1      | Reached XP level 3. HP: 12/33 MP: 3/3
  1269 | D:2      | Found a faded altar to an unknown god.
  1278 | D:2      | Reached skill level 1 in Dodging
  1640 | D:2      | Reached XP level 4. HP: 35/40 MP: 4/4
  2511 | D:3      | Reached XP level 5. HP: 42/46 MP: 5/5
  2656 | D:3      | Found an oddly glowing altar of Pakellas.
  3385 | D:4      | Found an opulent altar of Gozag.
  3385 | D:4      | Found a glowing silver altar of Zin.
  3442 | D:4      | Reached XP level 6. HP: 40/53 MP: 6/6
  3614 | D:4      | Noticed a phantom
  3985 | D:4      | Killed a phantom
  3985 | D:4      | Reached skill level 1 in Slings
  4294 | D:4      | Found a burning altar of Makhleb.
  4377 | D:4      | Reached XP level 7. HP: 57/60 MP: 7/7
  4421 | D:4      | Found a shattered altar of Ashenzari.
  4723 | D:4      | Noticed Crazy Yiuf
  4728 | D:4      | Killed Crazy Yiuf
  4806 | D:5      | Entered Level 5 of the Dungeon
  4817 | D:5      | Found Nailab's Food Boutique.
  4820 | D:5      | Bought a beef jerky for 18 gold pieces
  4820 | D:5      | Bought a slice of pizza for 18 gold pieces
  4820 | D:5      | Bought a slice of pizza for 18 gold pieces
  4820 | D:5      | Bought a beef jerky for 18 gold pieces
  5013 | D:5      | Found a sparkling altar of Nemelex Xobeh.
  5028 | D:5      | Became a worshipper of Nemelex Xobeh the Trickster
  5081 | D:5      | Received a gift from Nemelex Xobeh
  5116 | D:5      | Found Robi's Serpentskin Sales.
  5130 | D:5      | Gained mutation: You are robust (+10% HP). [potion of beneficial mutation]
  5549 | D:5      | HP: 3/66 [poisoned by a water moccasin]
  5553 | D:5      | Succumbed to a water moccasin's poison

Skill      XL: |  1  2  3  4  5  6  7 |
---------------+----------------------+-----
Axes           | 3 4 |  4.5
Dodging        | 1 2 |  2.4
Fighting       | 4 |  4.7
Armour         | 4 |  4.7
Shields        | 4 |  4.8
Slings         | 2 3 |  3.4
Throwing       | |  0.1
Stealth        | |  0.3

Action                   |  1- 3 |  4- 6 |  7- 9 || total
-------------------------+-------+-------+-------++-------
Melee: War axe           |    85 |   153 |       ||   238
 Fire: Hunting sling     |       |    51 |    43 ||    94
Throw: Tomahawk          |       |     4 |       ||     4
Evoke: Deck              |       |       |     3 ||     3
  Use: Scroll            |       |     8 |     6 ||    14
       Potion            |       |       |     7 ||     7
  Eat: Bread ration      |     1 |       |     1 ||     2
       Chunk             |       |     7 |       ||     7
Armor: Scale mail        |    53 |    65 |    12 ||   130
Dodge: Dodged            |    34 |    54 |    18 ||   106
Block: Shield            |    59 |   103 |    27 ||   189
